 Dungeon Crawl Stone Soup version 0.17.0-24-gcfadda4 (console) character file.

6 gw the Insei (level 1, -3/11 HPs)
             Began as a Vine Stalker Monk on Nov 17, 2015.
             Slain by a gnoll
             ... wielding a +0 halberd
              (8 damage)
             ... on level 1 of the Dungeon.
             The game lasted 00:00:18 (179 turns).

gw the Insei (Vine Stalker Monk)                     Turns: 179, Time: 00:00:18

Health: -3/11      AC:  5    Str: 13    XL:     1   Next: 90%
Magic:  0/2        EV: 11    Int: 10    God:
Gold:   45         SH:  0    Dex: 16    Spells: 0 memorised, 0 levels left

rFire  . . .     SeeInvis .       - Unarmed
rCold  . . .     Clarity  .     c - +0 ring mail (curse)
rNeg   . . .     SustAt   .     (no shield)
rPois  .         Gourm    .     (no helmet)
rElec  .         Spirit   +     (no cloak)
rCorr  .         Warding  .     (no gloves)
rMut   .         Stasis   .     (no boots)
MR     .....                    (no amulet)
Stlth  ++........               (no ring)
                                (no ring)

@: not resistant to hostile enchantments, unstealthy
A: fangs 2, regeneration 1, magic shield, antimagic bite, no device heal 3, rot
immunity
a: no special abilities


You were on level 1 of the Dungeon.
You were not hungry.

You visited 1 branch of the dungeon, and saw 1 of its levels.

You collected 45 gold pieces.

Inventory:

Missiles
 a - 3 stones (quivered)
Armour
 c - a cursed +0 ring mail (worn)
Scrolls
 d - 3 scrolls of remove curse {unknown}
 f - a scroll of amnesia {unknown}
Potions
 e - a potion of might {unknown}
Comestibles
 b - a bread ration


   Skills:
 + Level 2.6 Fighting
 + Level 0.5 Throwing
 + Level 2.4 Dodging
 - Level 2.4 Stealth
 * Level 4.2 Unarmed Combat


You couldn't memorise any spells.
You didn't know any spells.

Dungeon Overview and Level Annotations

Branches:
Dungeon (1/15)

Altars:


Innate Abilities, Weirdness & Mutations

You have extremely sharp teeth.
Your natural rate of healing is unusually fast.
When hurt, damage is shared between your health and your magic reserves.
Your bite disrupts and absorbs the magic of your enemies.
Potions and wands cannot restore your health.
You are immune to rotting.


Message History

The goblin hits you but does no damage. The goblin barely misses you.
The gnoll closely misses you.
ATTACK MOVE TO (0,1)
You hit the goblin.
You kill the goblin!
The goblin hits you but does no damage. The gnoll barely misses you.
ATTACK MOVE TO (1,1)
You closely miss the goblin. You bite the goblin. You drain its power.
The goblin is heavily wounded.
The goblin hits you.
ATTACK MOVE TO (1,1)
You miss the goblin.
The goblin is heavily wounded.
The goblin misses you. The gnoll closely misses you.
ATTACK MOVE TO (1,1)
You hit the goblin.
You kill the goblin!
The gnoll hits you from afar with a halberd!
Ouch! That really hurt!
You die...

#.# #..# #.#
..## #.# #.#
#..# #.##...#
#.# #.#
#..###.#..#
.##.#
#.####........##
##.#
#..............#
#.#
######.##.##...#
#.##.# ####
###.##.####
#..f.......
#..%...###.
#....g## #.....#
.......
#...##... #..#
#... ##. ..#.


You could see a gnoll.

Table legend:
 A = Turns spent in this place as a percentage of turns spent in the entire game.
 B = Non-inter-level travel turns spent in this place as a percentage of non-inter-level travel turns spent in the entire game.
 C = Inter-level travel turns spent in this place as a percentage of turns spent in this place.
 D = Turns resting spent in this place as a percentage of non-inter-level travel turns spent in this place.
 E = Turns spent auto-exploring this place as a percentage of non-inter-level travel turns spent in this place.
 F = Non-inter-level travel turns spent in this place divided by the number of levels of this place that you've seen.
                   A       B       C       D       E      F
               +-------+-------+-------+-------+-------+----------------------
         Total | 100.0 | 100.0 |   0.0 |   0.5 |   3.5 | 399.0
       Dungeon | 100.0 | 100.0 |   0.0 |   0.5 |   3.5 | 399.0
               +-------+-------+-------+-------+-------+----------------------

Table legend:
 A = Kills in this place as a percentage of kills in entire the game.
 B = Kills by you in this place as a percentage of kills by you in the entire game.
 C = Kills by friends in this place as a percentage of kills by friends in the entire game.
 D = Other kills in this place as a percentage of other kills in the entire game.
 E = Experience gained in this place as a percentage of experience gained in the entire game.
 F = Experience gained in this place divided by the number of levels of this place that you have seen.
                   A       B       C       D       E      F
               +-------+-------+-------+-------+-------+----------------------
         Total | 100.0 | 100.0 |  -nan |  -nan | 100.0 |   9.0
       Dungeon | 100.0 | 100.0 |  -nan |  -nan | 100.0 |   9.0
               +-------+-------+-------+-------+-------+----------------------

Vanquished Creatures
  3 goblins (D:1)
  A giant newt (D:1)
  A kobold (D:1)
  A rat (D:1)
6 creatures vanquished.

Notes
Turn   | Place    | Note
--------------------------------------------------------------
     0 | D:1      | gw the Vine Stalker Monk began the quest for the Orb.
     0 | D:1      | Reached XP level 1. HP: 11/11 MP: 2/2
   179 | D:1      | Slain by a gnoll

Action                   || total
-------------------------++-------
Melee: Unarmed           ||    11
 Stab: Sleeping          ||     1

Vault maps used:
D:1:      sevenhm_arrival_forest_fort_small_4, minmay_misc_feat_roman,
          minmay_door_square, minmay_bisected
